 Dungeon Crawl Stone Soup version 0.16.2-12-gd0ad4c3 (webtiles) character file.

79 HusaRsky the Skirmisher (level 4, -1/40 HPs)
             Began as a Draconian Fighter on Feb 3, 2016.
             Slain by an orc wizard
             ... wielding a +1 dagger of draining
              (2 damage)
             ... on level 4 of the Dungeon.
             The game lasted 00:14:50 (2753 turns).

HusaRsky the Skirmisher (Draconian Fighter)         Turns: 2753, Time: 00:14:50

Health: -1/40      AC:  7    Str: 20    XL:     4   Next: 17%
Magic:  4/4        EV:  8    Int:  8    God:
Gold:   141        SH:  7    Dex: 10    Spells: 0 memorised, 3 levels left

rFire  . . .     SeeInvis .     a - +0 long sword
rCold  . . .     Clarity  .     (armour unavailable)
rNeg   . . .     SustAb   .     c - +0 shield
rPois  .         Gourm    .     (helmet restricted)
rElec  .         Spirit   .     (no cloak)
rCorr  .         Warding  .     b - +0 pair of gloves
rMut   .         Stasis   .     q - +0 pair of boots
MR     .....                    (no amulet)
Stlth  +.........               (no ring)
                                (no ring)

@: very heavily drained, not resistant to hostile enchantments, very unstealthy
A: unfitting armour, cold-blooded, AC +5
a: no special abilities


You were on level 4 of the Dungeon.
You were not hungry.

You visited 1 branch of the dungeon, and saw 4 of its levels.

You collected 141 gold pieces.

Inventory:

Hand weapons
 a - a +0 long sword (weapon)
 f - a +0 short sword
 j - a +0 mace
 l - a +0 club
 m - a +0 hunting sling
 p - a cursed +0 club
 r - a +0 hand axe
Missiles
 g - 60 stones (quivered)
 k - 22 poisoned needles
Armour
 b - a +0 pair of gloves (worn)
 c - a +0 shield (worn)
 d - a +0 pair of boots
 i - a +1 helmet
 q - a +0 pair of boots (worn)
 t - a +0 cloak
Scrolls
 n - a scroll of enchant armour {unknown}
 s - 2 scrolls of remove curse
 v - a scroll of blinking {unknown}
 w - a scroll of teleportation {unknown}
Potions
 e - a potion of might
 o - a potion of poison {unknown}
 u - a potion of cancellation {unknown}
 x - a potion of heal wounds {unknown}


   Skills:
 + Level 4.0(0.3) Fighting
 + Level 2.2(0.0) Long Blades
 + Level 0.1(0.0) Throwing
 + Level 3.5(0.0) Dodging
 + Level 0.8(0.0) Stealth
 + Level 3.4(0.0) Shields


You had 3 spell levels left.
You didn't know any spells.

Dungeon Overview and Level Annotations

Branches:
Dungeon (4/15)
 Temple: D:4-7

Altars:


Innate Abilities, Weirdness & Mutations

Your plain brown scales are hard (AC +5).
Your body does not fit into most forms of armour.
Your cold-blooded metabolism reacts poorly to cold.


Message History

* * * LOW HITPOINT WARNING * * *
You hear some strange, mumbled words.
A puff of flame appears from out of thin air!
The puff of flame hits you!
* * * LOW HITPOINT WARNING * * *
You feel better.
You hear some strange, mumbled words.
A puff of flame appears from out of thin air!
The puff of flame hits you!
* * * LOW HITPOINT WARNING * * *
You closely miss something.
Your tail-slap misses something.
You block its attack.
Your shield prevents you from hitting something.
Your tail-slap misses something.
Something hits you but does no damage.
You feel drained. You block its attack.
Your shield prevents you from hitting something.
Your tail-slap misses something.
Something hits you.
* * * LOW HITPOINT WARNING * * *
You feel drained.
You die...

.#.#
#......#.#......#
.#.# #........#....
.#.# #......### .#.#
#......# )#.#
#......###
.#.#####........#
##..............#
#######.#.#....#####
#.#......@{..#
#.###....###.# #.#
#....# .# #.# ######
.# ... .. ... .. ...
(.. ... .


There were no monsters in sight!

Vanquished Creatures
  5 adders
  A worm (D:2)
  A giant gecko (D:2)
  3 orcs (D:3)
  6 bats (D:2)
  5 hobgoblins
  A giant newt (D:2)
  3 goblins
  2 kobolds
  3 rats
30 creatures vanquished.

Notes
Turn   | Place    | Note
--------------------------------------------------------------
     0 | D:1      | HusaRsky, the Draconian Fighter, began the quest for the Orb.
     0 | D:1      | Reached XP level 1. HP: 19/19 MP: 1/1
   175 | D:2      | Reached XP level 2. HP: 6/26 MP: 2/2
  1672 | D:2      | Reached XP level 3. HP: 22/33 MP: 3/3
  2421 | D:3      | Reached XP level 4. HP: 38/40 MP: 4/4
  2433 | D:3      | Reached skill level 4 in Fighting
  2753 | D:4      | HP: 1/40 [something (5)]
  2753 | D:4      | Slain by an orc wizard

Action                   |  1- 3 |  4- 6 || total
-------------------------+-------+-------++-------
Melee: Long sword        |   112 |    38 ||   150
Throw: Stone             |     8 |       ||     8
  Use: Scroll            |     4 |       ||     4
       Potion            |       |     1 ||     1
  Eat: Beef jerky        |     1 |       ||     1
       Bread ration      |     1 |       ||     1
